Cogmind - Beta 15 @@@ ROGUE MODE // 2025.08.06 @ 16:51:12 Player: Zoe Result: Destroyed by G-47 Trooper with Particle Gun Performance ------------- Evolutions (0) 0 Regions Visited (3) 600 Robots Destroyed (29) 145 Value Destroyed (555) 555 Prototype IDs (0) 0 Alien Tech Used (0) 0 Bonus (0) 0 TOTAL SCORE: 1300 Bonus ------- None Cogmind --------- Core Integrity 0/250 Matter 260/300 Energy 247/250 System Corruption 0% Temperature Cool (9) Movement Hovering (77) Location -10/Subcaves Parts ------- > --- POWER (1) -------- Ion Engine > --- PROPULSION (2) --- Combat Airjet Combat Airjet > --- UTILITY (2) ------ Medium Storage Unit Structural Scanner > --- WEAPON (2) ------- Light Assault Rifle Light Cannon > --- INVENTORY (10) --- Ion Engine Ion Engine Light Treads Aluminum Leg Signal Interpreter Improved Terrain Scanner Hacking Suite EM Pulse Gun Rocket Launcher Mini Grenade Launcher Peak State ------------ > --- POWER ------------ Ion Engine > --- PROPULSION ------- Combat Airjet Combat Airjet > --- UTILITY ---------- Medium Storage Unit Structural Scanner > --- WEAPON ----------- Light Assault Rifle Light Cannon > --- INVENTORY -------- Ion Engine Ion Engine Light Treads Aluminum Leg Signal Interpreter Improved Terrain Scanner Hacking Suite EM Pulse Gun Mini Grenade Launcher [Rating: 16] Favorites ----------- Power Ion Engine Engine Ion Engine Propulsion Aluminum Leg Leg Aluminum Leg Hover Unit Combat Airjet Utility Medium Storage Unit Device Structural Scanner Storage Medium Storage Unit Weapon Light Cannon Energy Gun EM Pulse Gun Ballistic Gun Light Assault Rifle Ballistic Cannon Light Cannon Build | -11 -10 -10 -10 ------- Run | Yrd Mat Min Sub Slots Evolved . | . . . . Power . | . . . . Propulsion . | . . . . Utility . | . . . . Weapon . | . . . . Parts Attached 22 | 7 11 4 . Power 4 | 1 2 1 . Engine 4 | 1 2 1 . Core . | . . . . Reactor . | . . . . Propulsion 8 | 2 4 2 . Treads . | . . . . Leg 6 | 2 4 . . Wheel . | . . . . Hover 2 | . . 2 . Flight . | . . . . Utility 4 | 2 2 . . Device 2 | 1 1 . . Storage 2 | 1 1 . . Processor . | . . . . Hackware . | . . . . Protection . | . . . . Artifact . | . . . . Weapon 6 | 2 3 1 . Energy Gun 1 | 1 . . . Energy Cannon . | . . . . Ballistic Gun 3 | 1 1 1 . Ballistic Cannon 2 | . 2 . . Launcher . | . . . . Special Weapon . | . . . . Impact Weapon . | . . . . Slashing Weapon . | . . . . Piercing Weapon . | . . . . Special Melee Weapon . | . . . . Unidentified Prototypes . | . . . . Parts Lost 3 | . 1 2 . Power . | . . . . Propulsion 1 | . . 1 . Utility . | . . . . Weapon 2 | . 1 1 . Highest Loss Streak 2 | . 1 2 . To Critical Strikes . | . . . . Average Backups 8 | 3 8 9 10 Power 1 | . 1 2 2 Propulsion 2 | 1 2 2 2 Utility 1 | . 1 3 3 Weapon 2 | 1 2 2 3 Tool/Special . | . . . . Unused Backups 8 | . 3 . 5 Power 2 | . 1 . 1 Propulsion 2 | . 1 . 1 Utility 2 | . . . 2 Weapon 2 | . 1 . 1 Tool/Special . | . . . . Average Slot Usage (%) 98 | . 99 94 100 Engine 14 | . 14 14 14 Leg 21 | . 28 10 . Hover 5 | . . 16 28 Device 14 | . 14 14 14 Storage 14 | . 14 14 14 Energy Gun 1 | . 2 . . Ballistic Gun 14 | . 17 5 14 Ballistic Cannon 10 | . 7 18 14 Peak Build Rating 16 | 9 10 16 16 Average Rating 9 | 5 8 12 16 On Entrance 8 | . 9 8 16 Naked Turns . | . . . . Heaviest Build 22 | 15 22 22 20 Greatest Support 24 | 20 20 24 24 Greatest Overweight (x) 3 | 3 1 1 . Average Overweight (x) . | . . . . Largest Inventory Capacity 10 | 8 10 10 10 Average Capacity 9 | 7 8 10 10 Most Carried 10 | 8 10 10 10 Average Carried 8 | 4 8 9 10 Final Capacity 10 | 8 10 10 10 Final Carried 10 | 4 9 10 10 Class Distribution -------------------- 60% | Mutant 39% | Scavenger-Mutant Dominant Class ---------------- Mutant | -10/Materials Mutant | -10/Mines Scavenger-Mutant | -10/Subcaves Resources | -11 -10 -10 -10 ----------- Run | Yrd Mat Min Sub Matter Collected 740 | 279 411 50 . Remotely . | . . . . Salvage Created 892 | 96 768 . 28 Parts 69 | 6 60 . 3 Haulers Intercepted 2 | . 2 . . Recyclers Shooed 2 | . 2 . . Parts Field Recycled . | . . . . Retrieved Matter . | . . . . Parts Self-Destructed 5 | . . . 5 Prevented . | . . . . Kills | -11 -10 -10 -10 ------- Run | Yrd Mat Min Sub Combat Hostiles Destroyed 17 | . 16 . 1 Guns 14 | . 14 . . Cannons 3 | . 2 . 1 Classes Destroyed 9 | 2 7 . . Worker 1 | . 1 . . Builder 1 | . 1 . . Tunneler 1 | 1 . . . Hauler 2 | . 2 . . Recycler 2 | 1 1 . . Operator 2 | . 2 . . Watcher 3 | . 3 . . Swarmer 8 | . 8 . . Grunt 9 | . 8 . 1 Best Kill Streak 3 | 2 3 . 1 Combat Bots Only 3 | . 3 . 1 Max Kills in Single Turn 3 | 1 3 . 1 Gunslinging . | . . . . Exploded . | . . . . Melee . | . . . . Uniques/NPCs Destroyed . | . . . . Combat | -11 -10 -10 -10 -------- Run | Yrd Mat Min Sub Hostile Shots Fired 94 | . 74 9 11 Missed 17 | . 16 . 1 Hits 77 | . 58 9 10 Projectile 77 | . 58 9 10 AOE 9 | . . 9 . Part Disruptions 1 | . 1 . . Damage Taken 1055 | 6 542 363 144 Core 264 | . 111 83 70 Absorbed by Shields . | . . . . Core Remaining (%) 100 | 100 . . . Volleys Fired 85 | 3 74 . 8 Largest 2 | 2 2 . 2 Hottest 60 | 60 60 . 50 Shots Fired 168 | 6 146 . 16 Gun 149 | 6 135 . 8 Cannon 19 | . 11 . 8 Launcher . | . . . . Special . | . . . . Kinetic 154 | 3 135 . 16 Thermal . | . . . . Explosive . | . . . . Electromagnetic 14 | 3 11 . . Robot Hit Streak 6 | 4 6 . 6 Robot Miss Streak 4 | 2 3 . 4 Penetration Max . | . . . . Secondary Targets 1 | . 1 . . Max Gunslinging Chain 1 | . 1 . . Shots Hit Robots 95 | 4 82 . 9 Core Hits 49 | 3 43 . 3 Critical Kills . | . . . . Critical Parts Destroyed 2 | . 2 . . Critical Strikes 2 | . 2 . . Destroy 2 | . 2 . . Melee Attacks . | . . . . Impact . | . . . . Slashing . | . . . . Piercing . | . . . . Sneak Attacks . | . . . . Combat Hostiles . | . . . . Follow-up Attacks . | . . . . Damage Inflicted 1282 | 84 1049 12 137 Guns 948 | 50 855 . 43 Cannons 160 | . 66 . 94 Explosions 162 | 34 128 . . Melee . | . . . . Ramming 12 | . . 12 . Kinetic 987 | 22 828 . 137 Thermal 34 | 34 . . . Explosive . | . . . . Electromagnetic 249 | 28 221 . . Impact . | . . . . Slashing . | . . . . Piercing . | . . . . Highest Corruption . | . . . . Average Corruption . | . . . . Corruption Purged . | . . . . Corruption Blocked . | . . . . Overload Shots . | . . . . Overflow Damage . | . . . . Projectiles . | . . . . Explosions . | . . . . Melee . | . . . . Knockbacks 1 | . . 1 . Impact 1 | . . 1 . Kinetic . | . . . . Secondary . | . . . . Self-Inflicted Damage 22 | 7 15 . . Shots 2 | 1 1 . . Rammed . | . . . . Targets Rammed 3 | . . 3 . Kicked 3 | . . 3 . Crushed . | . . . . Highest Temperature 32 | 32 12 . . Average Temperature 9 | 27 7 . . Received Heat Transfer 225 | . 138 . 87 Siege Activations . | . . . . Martial Activations . | . . . . Shielding Activations . | . . . . Robots Disrupted . | . . . . Combat Hostiles . | . . . . Robots Corrupted . | . . . . Combat Hostiles . | . . . . Parts Fried . | . . . . Impact Corruptions . | . . . . Robots Melted . | . . . . Combat Hostiles . | . . . . Parts Melted . | . . . . Heat Transferred 50 | 50 . . . Parts Sabotaged . | . . . . Parts Stolen . | . . . . Parts Stripped . | . . . . Power Chain Reactions 1 | 1 . . . Alert | -11 -10 -10 -10 ------- Run | Yrd Mat Min Sub Maximum Alert Level . | . . . . Low Security (%) 100 | 100 100 100 . Level 1 . | . . . . Level 2 . | . . . . Level 3 . | . . . . Level 4 . | . . . . Level 5 . | . . . . High Security . | . . . . Max Security . | . . . . Peak Influence 196 | 5 196 40 . Initial 40 | . . 40 . Average 66 | 1 88 4 . Influence Increases 614 | 10 584 . 20 Destroy 0b10 Robot/C 340 | . 320 . 20 Destroy 0b10 Robot/NC 60 | 10 50 . . Destroy Leader 90 | . 90 . . Successful Hack 3 | . 3 . . Disable Machine 90 | . 90 . . Destroy Structure 1 | . 1 . . Lose Combat Pursuer 30 | . 30 . . Influence Decreases 594 | 10 478 106 . Entered New Map 66 | . . 66 . Time Decay 518 | 10 468 40 . Lost Part 10 | . 10 . . Squads Dispatched 5 | . 5 . . Investigation 3 | . 3 . . Extermination . | . . . . Reinforcement 2 | . 2 . . Assault . | . . . . Garrison . | . . . . Intercept . | . . . . Searches Triggered . | . . . . Construction Impeded . | . . . . Haulers Reinforced . | . . . . Active Scanning Responses . | . . . . Cargo Convoy Interrupts . | . . . . Stealth | -11 -10 -10 -10 --------- Run | Yrd Mat Min Sub Distress Signals 1 | . 1 . . Communications Jammed . | . . . . Distress Signals . | . . . . Times Spotted 33 | . 29 2 2 Peak Tracking Total 4 | . 4 2 2 Tactical Retreats 2 | . 2 . . Traps | -11 -10 -10 -10 ------- Run | Yrd Mat Min Sub Traps Triggered 1 | . 1 . . Indirectly 1 | . 1 . . Trap Hack Attempts . | . . . . Triggered . | . . . . Disarmed . | . . . . Reprogrammed . | . . . . Reused . | . . . . Traps Extracted . | . . . . Installed . | . . . . Triggered . | . . . . Machines | -11 -10 -10 -10 ---------- Run | Yrd Mat Min Sub Machines Disabled 6 | . 6 . . Max in Single Turn 1 | . 1 . . Machines Repaired . | . . . . Machines Dismantled . | . . . . Machines Sabotaged . | . . . . Overloaded Fab Kills . | . . . . Hacking | -11 -10 -10 -10 --------- Run | Yrd Mat Min Sub Machines Accessed 7 | . 7 . . Terminals 6 | . 6 . . Fabricators . | . . . . Repair Stations . | . . . . Recycling Units 1 | . 1 . . Scanalyzers . | . . . . Garrison Access . | . . . . Total Hacks 19 | . 19 . . Successful 7 | . 7 . . Failed 12 | . 12 . . Catastrophic 2 | . 2 . . Database Lockouts . | . . . . Manual 19 | . 19 . . Terminals 18 | . 18 . . Fabricators . | . . . . Repair Stations . | . . . . Recycling Units 1 | . 1 . . Scanalyzers . | . . . . Garrison Access . | . . . . Terminal Hacks . | . . . . Fabricator Hacks . | . . . . Repair Station Hacks . | . . . . Recycling Unit Hacks . | . . . . Scanalyzer . | . . . . Garrison Access Hacks . | . . . . Unauthorized Hacks 7 | . 7 . . Terminals 6 | . 6 . . Track 3 | . 3 . . Botnet 3 | . 3 . . Fabricators . | . . . . Repair Stations . | . . . . Recycling Units 1 | . 1 . . Reject 1 | . 1 . . Scanalyzers . | . . . . Garrison Access . | . . . . Data Cores Recovered . | . . . . Used . | . . . . Hacking Detections 6 | . 6 . . Full Trace Events 5 | . 5 . . Feedback Events . | . . . . Feedback Blocked . | . . . . Robot Schematics Acquired . | . . . . Robots Built . | . . . . Authchips . | . . . . Time . | . . . . Total Robot Build Rating . | . . . . Part Schematics Acquired . | . . . . Parts Built . | . . . . Authchips . | . . . . Time . | . . . . Total Part Build Rating . | . . . . Parts Repaired . | . . . . Time . | . . . . Parts Recycled . | . . . . Recycled Matter . | . . . . Retrieved Matter . | . . . . Retrieved Components . | . . . . Parts Scanalyzed . | . . . . Part Schematics Acquired . | . . . . Parts Damaged . | . . . . Bothacking | -11 -10 -10 -10 ------------ Run | Yrd Mat Min Sub Used RIF Installer . | . . . . Robots Hacked . | . . . . Non-combat . | . . . . Combat . | . . . . Robot Hacks Applied . | . . . . Relay Couplers Released . | . . . . Fabnet Peak Effective % . | . . . . Robots Rewired . | . . . . Allies Hacked . | . . . . Hacks Repelled . | . . . . Allies | -11 -10 -10 -10 -------- Run | Yrd Mat Min Sub Total Allies . | . . . . Largest Group . | . . . . Highest-Rated Group . | . . . . Highest-Rated Ally . | . . . . Total Orders . | . . . . Ally Attacks . | . . . . Total Damage . | . . . . Kills . | . . . . Allies Corrupted . | . . . . Allies Melted . | . . . . Intel | -11 -10 -10 -10 ------- Run | Yrd Mat Min Sub Active Infowar (turns) 2120 | 36 1488 399 197 Terrain 1001 | 36 965 . . Structural 1119 | . 523 399 197 Robot Analysis Total . | . . . . Derelict Logs Recovered 1 | . . 1 . Drone Launches . | . . . . Drone Recoveries . | . . . . Exploration | -11 -10 -10 -10 ------------- Run | Yrd Mat Min Sub Turns Passed 2200 | 114 1490 399 197 Spaces Moved 1414 | 57 784 348 225 Core 18 | 18 . . . Treads . | . . . . Legs 904 | 39 784 81 . Wheels . | . . . . Hover 492 | . . 267 225 Flight . | . . . . Fastest Speed 50 | 50 120 77 77 Average Speed 122 | 136 142 103 77 Slowest Speed 200 | 200 190 190 77 Overloaded Moves . | . . . . Propulsion Burnouts . | . . . . Robots Hopped . | . . . . Potential Cave-ins . | . . . . Cave-ins Triggered . | . . . . Exploration Rate (%) 49 | 4 99 80 16 Regions Visited 3 Branch Regions 2 Pre-discovered Areas 2 | . . 2 . Known Exits Taken . | . . . . Unknown Exits Taken 3 | 1 1 1 . Scrap Searched . | . . . . Spaces Dug . | . . . . Terrain Destroyed 3 | 3 . . . Melee . | . . . . Projectile . | . . . . AOE 3 | 3 . . . Terrain Rammed . | . . . . Walls Destroyed . | . . . . Machines Disabled . | . . . . Actions | -11 -10 -10 -10 --------- Run | Yrd Mat Min Sub Total 1732 | 87 1026 382 237 Wait 175 | 10 138 23 4 Move 1411 | 56 783 347 225 Hop . | . . . . Pick Up 23 | 11 10 2 . Fast Attach 3 | . 1 2 . Attach 9 | 7 1 1 . Detach . | . . . . Swap 11 | . 9 2 . Drop 12 | . 10 2 . Fire 85 | 3 74 . 8 Melee . | . . . . Ram . | . . . . Kick 3 | . . 3 . Crush . | . . . . Escape Stasis . | . . . . Rewire . | . . . . Trap . | . . . . Miscellaneous . | . . . . Route ------- -11/Scrapyard -10/Materials (discovered 5 exits: [*Mat x3] / [*Min] / [*Sub]) -10/Mines (discovered 3 exits: [*Mat x2] / [*Sub]) -10/Subcaves History --------- Turn | Location | Event 22 | -11/Scrapyard | Discovered new exit (range 15) 115 | -11/Scrapyard | Entered Materials 174 | -10/Materials | Met 8R-AWN 194 | -10/Materials | Discovered new exit (range 12) 250 | -10/Materials | Discovered new exit (range 10) 306 | -10/Materials | Build established: Mutant 543 | -10/Materials | Discovered new exit (range 9) 968 | -10/Materials | Build established: Scavenger-Mutant 1221 | -10/Materials | Discovered new exit (range 15) 1421 | -10/Materials | Discovered new exit (range 14) 1472 | -10/Materials | Build established: Mutant 1605 | -10/Materials | Entered Mines 1606 | -10/Mines | Learned location of Storage (-7) 1606 | -10/Mines | Followed 8R-AWN into the Mines 1628 | -10/Mines | Discovered new exit (range 11) 1690 | -10/Mines | Assembled infested the area 1695 | -10/Mines | Assisted by a Guerilla fighting off Assembled 1716 | -10/Mines | Learned location of Zion (-7) 1727 | -10/Mines | Core integrity fell below 50% 1982 | -10/Mines | Discovered new exit (range 10) 1989 | -10/Mines | Received a Rocket Launcher from a helpful Derelict 1989 | -10/Mines | Discovered new exit (range 12) 2004 | -10/Mines | Entered Subcaves 2005 | -10/Subcaves | Approached by a straggling Scientist 2028 | -10/Subcaves | Shifting Twisted Machinery released Mak. Sword 2149 | -10/Subcaves | Build established: Scavenger-Mutant 2184 | -10/Subcaves | Core integrity fell below 20% 2201 | -10/Subcaves | Destroyed by G-47 Trooper with Particle Gun Last Messages --------------- all the Subs lurking out here." VE-9W3(c): "Hey, let me tag along and I can get us both out of this nasty situation. At least I think I can... The group I got separated from was talking about a shortcut back to the UFD." X2-FRB(O) collects matter. Mak. Sword falls loose from the Twisted Machinery. X2-FRB(O) collects matter. X2-FRB(O) puts together Sub. Power Source. VE-9W3(c): "I think it's somewhere southwest of here" X2-FRB(O) collects matter. VE-9W3(c): "I think it's somewhere southeast of here" VE-9W3(c): "I think it's somewhere south of here" G-34 Mercenary destroyed. Sml. Laser fries itself beyond repair. Map ----- +----------------------------------------------------+ | ################ ###?### ????????????????? | | ###### ############## ???????????????? | | #### ##### ########## ??????????????? | | ##### ### ##????## ??????????????? | | ##### ## ##????# ???????????????? | | #### ### ###????? ???????????????? | | ## # # ######????? ????###????????? | | ######?????? ?????#####??????? | | ######????# #??## ####??????? | | ### ###### ####???## ##?### ##??????? | | # ############ ####??## ##### ###?????? | | ## #######??#### ####### #### ####????? | | ## ##???????##### ###### ### ###????? | | ## ##????????##### ## ## ##????? | | ### ##?????######### ##????? | | ########?????##### ### ###????? | | ?#######????? ######## ## ##?????? | | ????????????? ########### ##?????? | | ????????????# ######### ###????? | | ????????????## ##### ## ##????? | | ????????????### ### ### ##????? | | ?????????????### % ## #### ??? ##????? | | ??????????????## ???## %g ####?????###????? | | ????????????????????#### ####????###????? | | ????????????????????##### ###???????????? | | ??????????????????????###@ ###??????????? | | ??????????????????????### ##??????????? | | ?????????????????????### ##??????????? | | ?????????????????????## ## ###??????????? | | ?????????????????????### #### ###??????????? | | ?????????????????????#### ## # ???????????? | | ??????????????????????#### ##? ?????????? | | ???????????????????????#### ? # # ?????????? | | ????????????????????????### ####?????????? | | ?????????????????????????## # ####???????????? | | ?????????????????????????#############???????????? | | ??????????????????????????##########?????????????? | | ?????????????????????????????????????????????????? | | ?????????????????????????????????????????????????? | | ?????????????????????????????????????????????????? | | ?????????????????????????????????????????????????? | | ?????????????????????????????????????????????????? | | ?????????????????????????????????????????????????? | | ?????????????????????????????????????????????????? | | ?????????????????????????????????????????????????? | | ?????????????????????????????????????????????????? | | ?????????????????????????????????????????????????? | | ?????????????????????????????????????????????????? | | ?????????????????????????????????????????????????? | | ?????????????????????????????????????????????????? | +----------------------------------------------------+ Best States ------------- Heat Dissipation 25 Energy Generation 10 Energy Capacity 250 Matter Stores 300 Matter Capacity 300 Sight Range 16 Terrain Scan Range 16 Terrain Scan Density 10 Evasion (%) 55 Item Schematics ----------------- None Robot Schematics ------------------ None Fabricated ------------ Nothing Repaired ---------- Nothing Alien Tech Used ----------------- None Achievements -------------- None Challenges ------------ None Game ------ Seed InsulatedHeartExpander Manual? 0 Play Time 00:22:29 Cumulative 23.4 hours Start 2025.08.06 @ 16:30:38 End 2025.08.06 @ 16:51:12 Sessions 1 Manual Loads 0 Difficulty Rogue Special Mode None Game No. 46 Rogue 43 Adventurer 3 Explorer 0 Win Type - Total 0 Types 0/0/0/0/0/0/0/0/0/0 Lore% 15 Gallery% 19 Achievement% 21 Wizard Run 0 Options --------- Layout 1 ASCII 0 Keyboard 0 Movement Mouse Keybinds 0 Fullscreen 1 Font 24/Smallcaps Map View 50x35 Zoom Use 0% Tactical HUD 0 Map Filters NONE Filters NONE Steam 1 RUN: 3e9271a6-76e6-4e14-923d-116843db2c4d